BSA
HOUSTON MARSHALS @ VISTA PANTHERS
03/18/2026
 
TOP OF THE 1ST
Toronto Titans batting - Pitching for Vista Panthers : LHP Li-xue Si-ma
Pitching: LHP Li-xue Si-ma
Batting: SHB Juan Gómez 0-0: Ball
1-0: Ground out 2-3 (Groundball, 23)
Batting: LHB Kent MacDulothe 0-0: Called Strike
0-1: Ball
1-1: Ball
2-1: Ball
3-1: Ground out 3-1 (Groundball, 34)
Batting: RHB Chris Parker 0-0: Ball
1-0: Ground out 6-3 (Groundball, 56)
Top of the 1st over - 0 run(s), 0 hit(s), 0 error(s), 0 left on base; Toronto 0 - Vista 0
BOTTOM OF THE 1ST
Vista Panthers batting - Pitching for Toronto Titans : RHP José Gonzáles
Pitching: RHP José Gonzáles
Batting: LHB Francisco Marino 0-0: Ball
1-0: Ball
2-0: SINGLE (Line Drive, 89S)
Batting: RHB Javier Deleón 0-0: Ball
1-0: Ball
2-0: Ball
3-0: Called Strike
3-1: Fly out, F8 (Flyball, 8RD)
Batting: LHB Bob Cunningham 0-0: Ball
1-0: Called Strike
1-1: Called Strike
1-2: Foul Ball, location: 2F
1-2: Fielders Choice at 2nd, 1-6 (Groundball, 13S)
Batting: SHB Mark Wells 0-0: Called Strike
0-1: SINGLE (Groundball, 56D)
Bob Cunningham to second
Batting: RHB Roberto Cruz 0-0: Called Strike
0-1: Foul Ball, location: 2F
0-2: Ball
1-2: Ground out 1-3 (Groundball, 15)
Bottom of the 1st over - 0 run(s), 2 hit(s), 0 error(s), 2 left on base; Toronto 0 - Vista 0
TOP OF THE 2ND
Toronto Titans batting - Pitching for Vista Panthers : LHP Li-xue Si-ma
Batting: LHB Roberto García 0-0: Called Strike
0-1: Ball
1-1: SINGLE (Groundball, 4MD)
Batting: LHB Lewis Barr 0-0: Called Strike
0-1: Called Strike
0-2: Ball
1-2: Ball
2-2: Strikes out swinging
Batting: RHB Jim Tracy 0-0: Fly out, F9 (Flyball, 9M)
Batting: RHB Sadao Kimura 0-0: Called Strike
0-1: Swinging Strike
0-2: Ball
1-2: Foul Ball, location: 2F
1-2: Foul Ball, location: 2F
1-2: Fly out, F8 (Flyball, 8LM)
Top of the 2nd over - 0 run(s), 1 hit(s), 0 error(s), 1 left on base; Toronto 0 - Vista 0
BOTTOM OF THE 2ND
Vista Panthers batting - Pitching for Toronto Titans : RHP José Gonzáles
Batting: LHB Patrick Osborne 0-0: Called Strike
0-1: DOUBLE (Groundball, 3L)
Batting: LHB Harry Pitts 0-0: Called Strike
0-1: Ground out 4-3 (Groundball, 4)
Patrick Osborne to third
Batting: RHB Salvador Salas 0-0: Called Strike
0-1: Swinging Strike
0-2: Ball
1-2: Ball
2-2: Strikes out swinging
Batting: RHB Cisco Gatán 0-0: Ball
1-0: Called Strike
1-1: Ball
2-1: Fly out, F9 (Line Drive, 89M)
Bottom of the 2nd over - 0 run(s), 1 hit(s), 0 error(s), 1 left on base; Toronto 0 - Vista 0
TOP OF THE 3RD
Toronto Titans batting - Pitching for Vista Panthers : LHP Li-xue Si-ma
Batting: LHB Matt Smith 0-0: Called Strike
0-1: Swinging Strike
0-2: Ball
1-2: Ball
2-2: SOLO HOME RUN (Line Drive, 78XD), Distance : 433 ft
Batting: RHB Alberto Velásquez 0-0: Ball
1-0: SINGLE (Line Drive, 6MD)
Batting: SHB Juan Gómez 0-0: Ball
1-0: Ball
2-0: Foul Ball, location: 2F
2-1: Foul Ball, location: 2F
2-2: Foul Ball, location: 2F
2-2: Ball
3-2: Hit by Pitch
Alberto Velásquez to second
Batting: LHB Kent MacDulothe 0-0: Ball
1-0: SINGLE (Flyball, 9LS)
Alberto Velásquez to third
Juan Gómez to second
Batting: RHB Chris Parker 0-0: Ball
1-0: Called Strike
1-1: Foul Ball, location: 2F
1-2: Strikes out swinging
Batting: LHB Roberto García 0-0: Foul Ball, location: 2F
0-1: Ball
1-1: Swinging Strike
1-2: Foul Ball, location: 2F
1-2: Grounds into double play, 5-4-3 (Groundball, 56)
Top of the 3rd over - 1 run(s), 3 hit(s), 0 error(s), 2 left on base; Toronto 1 - Vista 0
BOTTOM OF THE 3RD
Vista Panthers batting - Pitching for Toronto Titans : RHP José Gonzáles
Batting: LHB Francisco Marino 0-0: Called Strike
0-1: Called Strike
0-2: Ball
1-2: Ground out 1-3 (Groundball, 13)
Batting: RHB Javier Deleón 0-0: Called Strike
0-1: Foul Ball, location: 2F
0-2: SINGLE (Groundball, 56D)
Batting: LHB Bob Cunningham 0-0: Foul Ball, location: 2F
0-1: Swinging Strike
0-2: Fielders Choice at 2nd, 3-6 (Groundball, 34)
Batting: SHB Mark Wells 0-0: Ball
1-0: Ball
2-0: Called Strike
2-1: Swinging Strike
2-2: Ball
3-2: Base on Balls
Bob Cunningham to second
Batting: RHB Roberto Cruz 0-0: Called Strike
0-1: Ball
1-1: Ground out 1-3 (Groundball, 23)
Bottom of the 3rd over - 0 run(s), 1 hit(s), 0 error(s), 2 left on base; Toronto 1 - Vista 0
TOP OF THE 4TH
Toronto Titans batting - Pitching for Vista Panthers : LHP Li-xue Si-ma
Batting: LHB Lewis Barr 0-0: Called Strike
0-1: Fly out, F8 (Flyball, 8RXD)
Batting: RHB Jim Tracy 0-0: Ball
1-0: Ball
2-0: Ball
3-0: Called Strike
3-1: Base on Balls
Batting: RHB Sadao Kimura 0-0: SINGLE (Groundball, 6)
Jim Tracy to second
Batting: LHB Matt Smith 0-0: Foul Ball, location: 2F
0-1: Swinging Strike
0-2: Ball
1-2: Strikes out swinging
Pitching: RHP Riley Johnston
Batting: RHB Alberto Velásquez 0-0: Called Strike
0-1: Swinging Strike
0-2: Ball
1-2: Ball
2-2: Ground out 2-3 (Groundball, 25)
Top of the 4th over - 0 run(s), 1 hit(s), 0 error(s), 2 left on base; Toronto 1 - Vista 0
BOTTOM OF THE 4TH
Vista Panthers batting - Pitching for Toronto Titans : RHP José Gonzáles
Batting: LHB Patrick Osborne 0-0: Ball
1-0: Foul Ball, location: 2F
1-1: Foul Ball, location: 2F
1-2: Ball
2-2: Strikes out swinging
Batting: LHB Harry Pitts 0-0: Foul Ball, location: 2F
0-1: Swinging Strike
0-2: Strikes out swinging
Batting: RHB Salvador Salas 0-0: Called Strike
0-1: Called Strike
0-2: Fly out, F7 (Flyball, 7S)
Bottom of the 4th over - 0 run(s), 0 hit(s), 0 error(s), 0 left on base; Toronto 1 - Vista 0
TOP OF THE 5TH
Toronto Titans batting - Pitching for Vista Panthers : RHP Riley Johnston
Batting: SHB Juan Gómez 0-0: Foul Ball, location: 2F
0-1: Foul Ball, location: 2F
0-2: Ball
1-2: Fly out, F7 (Popup, 78S)
Batting: LHB Kent MacDulothe 0-0: Ball
1-0: Called Strike
1-1: Fly out, F7 (Flyball, 78M)
Batting: RHB Chris Parker 0-0: Ground out 4-3 (Groundball, 4)
Top of the 5th over - 0 run(s), 0 hit(s), 0 error(s), 0 left on base; Toronto 1 - Vista 0
BOTTOM OF THE 5TH
Vista Panthers batting - Pitching for Toronto Titans : RHP José Gonzáles
Pitching: RHP Dave Rhodes
Batting: RHB Cisco Gatán 0-0: DOUBLE (Line Drive, 7LS)
Batting: LHB Francisco Marino 0-0: Foul Ball, location: 2F
0-1: Ball
1-1: Foul Ball, location: 2F
1-2: Fly out, F8 (Flyball, 8RM)
Batting: RHB Javier Deleón 0-0: Ball
1-0: Ball
2-0: Ball
3-0: Called Strike
3-1: Called Strike
3-2: 2-RUN HOME RUN (Line Drive, 7LD), Distance : 357 ft
Batting: LHB Bob Cunningham 0-0: Ball
1-0: Fly out, F7 (Flyball, 7LS)
Batting: SHB Mark Wells 0-0: Ball
1-0: Foul Ball, location: 2F
1-1: Foul Ball, location: 2F
1-2: Ball
2-2: Ground out 4-3 (Groundball, 4)
Bottom of the 5th over - 2 run(s), 2 hit(s), 0 error(s), 0 left on base; Toronto 1 - Vista 2
TOP OF THE 6TH
Toronto Titans batting - Pitching for Vista Panthers : RHP Riley Johnston
Batting: LHB Roberto García 0-0: Foul Ball, location: 2F
0-1: Ball
1-1: Fly out, F7 (Popup, 7LS)
Batting: LHB Lewis Barr 0-0: Ball
1-0: Called Strike
1-1: Called Strike
1-2: Foul Ball, location: 2F
1-2: Ball
2-2: SINGLE (Groundball, 34S)
Batting: RHB Jim Tracy 0-0: Ball
1-0: Ball
2-0: SINGLE (Line Drive, 34)
Lewis Barr to second
Runner from 2nd tries for 3rd, SAFE, throw made to third
Pitching: LHP Xavier Velázquez
Batting: RHB Sadao Kimura 0-0: Foul Ball, location: 2F
0-1: Ball
1-1: Foul Ball, location: 2F
1-2: Ball
2-2: Ball
3-2: Base on Balls
Jim Tracy to second
Batting: LHB Matt Smith 0-0: Called Strike
0-1: Foul Ball, location: 2F
0-2: Ball
1-2: Strikes out swinging
Batting: RHB Alberto Velásquez 0-0: Foul Ball, location: 2F
0-1: Foul Ball, location: 2F
0-2: Fly out, F9 (Flyball, 9D)
Top of the 6th over - 0 run(s), 2 hit(s), 0 error(s), 3 left on base; Toronto 1 - Vista 2
BOTTOM OF THE 6TH
Vista Panthers batting - Pitching for Toronto Titans : RHP Dave Rhodes
Pitching: RHP Víctor López
Batting: RHB Roberto Cruz 0-0: Ball
1-0: Ground out 5-3 (Groundball, 5S)
Batting: LHB Patrick Osborne 0-0: Ball
1-0: Foul Ball, location: 2F
1-1: Ball
2-1: Ball
3-1: Fly out, F8 (Flyball, 8LS)
Batting: LHB Harry Pitts 0-0: Ball
1-0: SINGLE (Groundball, 5D)
Batting: RHB Salvador Salas 0-0: Ball
1-0: Fly out, F9 (Flyball, 9S)
Bottom of the 6th over - 0 run(s), 1 hit(s), 0 error(s), 1 left on base; Toronto 1 - Vista 2
TOP OF THE 7TH
Toronto Titans batting - Pitching for Vista Panthers : LHP Xavier Velázquez
Batting: SHB Juan Gómez 0-0: Called Strike
0-1: Called Strike
0-2: Ground out 5-3 (Groundball, 5L)
Pinch Hitting: RHB Gilberto López 0-0: Ball
1-0: Ball
2-0: Ball
3-0: Base on Balls
Batting: SHB Ramón Lugo 0-0: Swinging Strike
0-1: Fly out, F7 (Flyball, 7S)
Pinch Hitting: SHB Álex Rosado 0-0: Ball
1-0: Called Strike
1-1: Ball
2-1: Called Strike
2-2: Ground out 5-3 (Groundball, 5)
Top of the 7th over - 0 run(s), 0 hit(s), 0 error(s), 1 left on base; Toronto 1 - Vista 2
BOTTOM OF THE 7TH
Vista Panthers batting - Pitching for Toronto Titans : RHP Víctor López
Now in LF: Gilberto López
Now in CF: Álex Rosado
Batting: RHB Cisco Gatán 0-0: Foul Ball, location: 2F
0-1: Called Strike
0-2: Ball
1-2: Strikes out looking
Pinch Hitting: RHB John Mendelson 0-0: Foul Ball, location: 2F
0-1: Ball
1-1: Ground out 6-3 (Groundball, 6)
Pinch Hitting: LHB Ray Bryant 0-0: Called Strike
0-1: Ball
1-1: Ball
2-1: Ground out 6-3 (Groundball, 6M)
Bottom of the 7th over - 0 run(s), 0 hit(s), 0 error(s), 0 left on base; Toronto 1 - Vista 2
TOP OF THE 8TH
Toronto Titans batting - Pitching for Vista Panthers : LHP Xavier Velázquez
Now at 2B: Justin Burgess
Now at SS: Armando Colón
Batting: LHB Lewis Barr 0-0: Ball
1-0: Called Strike
1-1: Ball
2-1: Foul Ball, location: 2F
2-2: Strikes out looking
Pitching: LHP John Whitaker
Pinch Hitting: RHB Wilson Gómez 0-0: Ball
1-0: Ball
2-0: Called Strike
2-1: Fly out, F6 (Popup, 6MS)
Batting: RHB Sadao Kimura 0-0: Fly out, F9 (Flyball, 9LM)
Top of the 8th over - 0 run(s), 0 hit(s), 0 error(s), 0 left on base; Toronto 1 - Vista 2
BOTTOM OF THE 8TH
Vista Panthers batting - Pitching for Toronto Titans : RHP Víctor López
Pitching: RHP Juan Nieto
Now at 2B: Wilson Gómez
Pinch Hitting: RHB Wilson López 0-0: Called Strike
0-1: DOUBLE (Line Drive, 9LM)
Batting: LHB Jesús González 0-0: Swinging Strike
0-1: Ball
1-1: Ball
2-1: Ball
3-1: Base on Balls
Pinch Hitting: RHB Greg Handrahan 0-0: Ball
1-0: Swinging Strike
1-1: Ball
2-1: Foul Ball, location: 2F
2-2: Strikes out swinging
Pinch Hitting: LHB Brent Alonzo 0-0: Ball
1-0: Called Strike
1-1: Swinging Strike
1-2: SINGLE (Groundball, 13) (infield hit)
Wilson López to third
Jesús González to second
Pinch Hitting: RHB Phil Matthews 0-0: Ball
1-0: Ball
2-0: Called Strike
2-1: Ground out 5-3 (Groundball, 5S)
Wilson López scores
Jesús González to third
Brent Alonzo to second
Pinch Hitting: RHB Pedro Rosado 0-0: Called Strike
0-1: Ball
1-1: Foul Ball, location: 2F
1-2: Ball
2-2: Foul Ball, location: 2F
2-2: Foul Ball, location: 2F
2-2: Foul Ball, location: 2F
2-2: Strikes out looking
Bottom of the 8th over - 1 run(s), 2 hit(s), 0 error(s), 2 left on base; Toronto 1 - Vista 3
TOP OF THE 9TH
Toronto Titans batting - Pitching for Vista Panthers : LHP John Whitaker
Pitching: RHP António López
Now at 1B: Wilson López
Now at 2B: Brent Alonzo
Now in LF: Greg Handrahan
Now in CF: Pedro Rosado
Now in RF: Phil Matthews
Batting: LHB Matt Smith 0-0: Called Strike
0-1: Ball
1-1: Swinging Strike
1-2: Fly out, F8 (Flyball, 8LXD)
Batting: RHB Alberto Velásquez 0-0: Ball
1-0: Ground out 3-1 (Groundball, 34)
Pinch Hitting: LHB Greg Schultz 0-0: Ball
1-0: Ground out U3 (Groundball, 3S)
Top of the 9th over - 0 run(s), 0 hit(s), 0 error(s), 0 left on base; Toronto 1 - Vista 3
Monday, December 5th, 2016 - OOTP Baseball 17.12 Build 75